 Dungeon Crawl Stone Soup version 0.23.0 (webtiles) character file.

Game seed: 40206039033395282

18 EnegeticOcto the Insei (level 2, 0/23 HPs)
             Began as a Gnoll Transmuter on Feb 9, 2019.
             Slain by an adder (4 damage)
             ... on level 2 of the Dungeon.
             The game lasted 00:01:36 (826 turns).

EnegeticOcto the Insei (Gnoll Transmuter)            Turns: 826, Time: 00:01:37

Health: 0/23       AC:  3    Str: 12    XL:     2   Next: 70%
Magic:  5/7        EV: 14    Int: 15    God:
Gold:   28         SH:  0    Dex: 15    Spells: 7/10 levels left

rFire    . . .     SeeInvis .     - Unarmed
rCold    . . .     Gourm    .   (no shield)
rNeg     . . .     Faith    .   b - +0 robe
rPois    .         Spirit   .   (no helmet)
rElec    .         Reflect  .   c - +0 cloak
rCorr    .         Harm     .   (no gloves)
MR       .....                  (no boots)
Stlth    ++........             (no amulet)
HPRegen  0.07/turn              (no ring)
MPRegen  0.10/turn              (no ring)

@: lethally poisoned (0 -> -3), appendage
A: distributed training, fangs 1, horns 2, strong nose
a: End Transformation


You were on level 2 of the Dungeon.
You were not hungry.
You had grown temporary horns.
You visited 1 branch of the dungeon, and saw 2 of its levels.

You collected 28 gold pieces.

Inventory:

Missiles
 a - 41 arrows
 e - 6 tomahawks (quivered)
Armour
 b - a +0 robe (worn)
 c - a +0 cloak (worn)
Comestibles
 d - 4 rations


   Skills:
 + Level 2.5 Fighting
 + Level 0.5 Short Blades
 + Level 0.5 Long Blades
 + Level 0.5 Axes
 + Level 0.5 Maces & Flails
 + Level 0.5 Polearms
 + Level 0.5 Staves
 + Level 0.5 Slings
 + Level 0.5 Bows
 + Level 0.5 Crossbows
 + Level 0.5 Throwing
 + Level 0.5 Armour
 + Level 4.5 Dodging
 + Level 0.5 Stealth
 + Level 0.5 Shields
 + Level 6.5 Unarmed Combat
 + Level 4.9 Spellcasting
 + Level 0.3 Conjurations
 + Level 0.3 Hexes
 + Level 0.3 Charms
 + Level 0.3 Summonings
 + Level 0.3 Necromancy
 + Level 0.3 Translocations
 + Level 3.7 Transmutations
 + Level 0.3 Fire Magic
 + Level 0.3 Ice Magic
 + Level 0.3 Air Magic
 + Level 0.3 Earth Magic
 + Level 0.3 Poison Magic
 + Level 0.6 Invocations
 + Level 0.5 Evocations


You had 7 spell levels left.
You knew the following spells:

 Your Spells              Type           Power        Failure   Level  Hunger
a - Beastly Appendage     Tmut           ##....       3%          1    None
b - Sticks to Snakes      Tmut           ##......     5%          2    ##.....

Your spell library contained the following spells:

 Spells                   Type           Power        Failure   Level  Hunger
 Spider Form              Tmut/Pois      #.........   22%         3    ###....
 Ice Form                 Ice/Tmut       #.......     56%         4    ####...
 Blade Hands              Tmut           ##........   69%         5    ######.


Dungeon Overview and Level Annotations

Branches:
Dungeon (2/15)

Altars:
Nemelex Xobeh


Innate Abilities, Weirdness & Mutations

Your experience applies equally to all skills.
You have very sharp teeth.
Your uncanny sense of smell can sniff out nearby items.
You have a pair of horns on your head.


Message History

You are poisoned.
The worker ant poisons you!
You barely miss the worker ant.
The worker ant is severely wounded.
* * * LOW HITPOINT WARNING * * *
You feel sick. The worker ant closely misses you. x2
Casting: Beastly Appendage (safe; 3% risk of failure)
Confirm with . or Enter, or press ? or * to list all spells.
You create a snake!
You now have 41 arrows.
The worker ant misses you.
You swap places.
* * * LOW HITPOINT WARNING * * *
You feel sick. The adder closely misses you.
The worker ant bites your ball python!
Your ball python dies!
You aren't carrying any potions.
You aren't carrying any scrolls.
Unknown command.
The adder bites you but does no damage. The adder closely misses you.
The worker ant barely misses you. The adder bites you.
You die...

.... #.# ##...####)...
.....##.### #..### ##..#.
..=.......# #.## ##...##
.%..###.#..# #.#####..#.#
...####†##....#.......##.#
.........####....#######.#
#######...# ###..## #.#
#.#S###...... #.#
#.#.@a...#### #.#
#..###.#..... ... ##. #.#.
### ## .... # .## .# .# ..


You could see a worker ant and an adder.

Vanquished Creatures
  A worm (D:2)
  A dart slug (D:2)
  A bat (D:2)
  2 goblins (D:2)
  3 hobgoblins
  3 frilled lizards (D:2)
  3 kobolds
14 creatures vanquished.

Notes
Turn   | Place    | Note
-------+----------+-------------------------------------------
     0 | D:1      | EnegeticOcto the Gnoll Transmuter began the quest for the
                  | Orb.
     0 | D:1      | Reached XP level 1. HP: 17/17 MP: 6/6
   495 | D:2      | Reached XP level 2. HP: 11/23 MP: 5/7
   570 | D:2      | Found a sparkling altar of Nemelex Xobeh.
   686 | D:2      | Learned a level 2 spell: Sticks to Snakes
   826 | D:2      | Slain by an adder

Action                   || total
-------------------------++-------
Melee: Unarmed           ||    38
       Headbutt          ||     4
       Punch             ||     1
       Kick              ||     2
       Bite              ||     2
 Cast: Beastly Appendage ||    10
       Sticks to Snakes  ||     1
 Stab: Distracted        ||     1
Armor: Robe              ||     4
Dodge: Dodged            ||    25
